 Dungeon Crawl Stone Soup version 0.30.1-9-gdf580d7c3d (webtiles) character file.

Game seed: 6049475051235380122

94 monsoonserge the Grasshopper (level 4, -1/34 HPs)
             Began as a Demonspawn Warper on Oct 25, 2023.
             Splashed by a jelly's acid (10 damage)
             ... on level 4 of the Dungeon.
             The game lasted 00:06:41 (2151 turns).

monsoonserge the Grasshopper (Demonspawn Warper)    Turns: 2151, Time: 00:06:42

Health: -1/34      AC: -3    Str: 11    XL:     4   Next: 38%
Magic:  7/7        EV: 11    Int: 16    God:
Gold:   18         SH:  4    Dex: 13    Spells: 5/7 levels left

rFire   . . .        f - +2 short sword (speed)
rCold   . . .        (no shield)
rNeg    . . .        w - +0 ring mail
rPois   .            (helmet restricted)
rElec   .            g - +0 cloak
rCorr   .            s - +0 pair of gloves
SInv    .            o - +0 pair of boots
Will    .....        (no amulet)
Stlth   +            (no ring)
HPRegen 0.25/turn    (no ring)
MPRegen 0.10/turn

%: no passive effects
@: corroded
A: horns 1, large bone plates 1
a: no special abilities


You were on level 4 of the Dungeon.
You visited 1 branch of the dungeon, and saw 4 of its levels.

You collected 108 gold pieces.
You spent 90 gold pieces at shops.

Inventory:

Hand Weapons
 f - a +2 short sword of speed (weapon)
Missiles
 d - 7 boomerangs of dispersal (quivered)
Armour
 b - a +0 leather armour
 g - a +0 cloak (worn)
 o - a +0 pair of boots (worn)
 s - a +0 pair of gloves (worn)
 w - a +0 ring mail (worn)
Magical Staves
 p - a staff of air
Wands
 u - a wand of mindburst (6)
Scrolls
 a - a scroll of poison {unknown}
 c - a scroll of blinking
 e - a scroll of teleportation {unknown}
 i - 2 scrolls of noise {unknown}
 j - a scroll of brand weapon {unknown}
 k - 2 scrolls of immolation {unknown}
 m - a scroll of vulnerability {unknown}
 n - 3 scrolls of identify {unknown}
 t - a scroll of magic mapping {unknown}
 v - a scroll of enchant weapon {unknown}
Potions
 h - a potion of heal wounds {unknown}
 l - a potion of resistance {unknown}
 q - a potion of attraction {unknown}
 r - a potion of curing {unknown}


   Skills:
 + Level 2.3 Fighting
 + Level 1.7(2.2) Short Blades
 - Level 2.0(2.3) Long Blades
 + Level 0.8 Throwing
 * Level 1.6 Armour
 + Level 2.5 Dodging
 + Level 0.4 Stealth
 - Level 2.0 Spellcasting
 * Level 3.0 Translocations


You had 5 spell levels left.
You knew the following spells:

 Your Spells              Type           Power      Damage    Failure   Level
a - Blink                 Tloc           22%        N/A       22%         2

Your spell library contained the following spells:

 Spells                   Type           Power      Damage    Failure   Level
 Lesser Beckoning         Tloc           22%        N/A       22%         2
 Teleport Other           Tloc           11%        N/A       38%         3
 Magic Dart               Conj           4%         1d3       43%         1
 Call Imp                 Summ           2%         N/A       58%         2
 Vhi's Electric Charge    Tloc/Air       12%        N/A       61%         3
 Manifold Assault         Tloc           11%        N/A       80%         4
 Mephitic Cloud           Conj/Pois/Air  1%         N/A       82%         3
 Ozocubu's Armour         Ice            1%         N/A       82%         3
 Ozocubu's Refrigeration  Ice            0%         4d7       100%        7


Dungeon Overview and Level Annotations

Branches:
Dungeon (4/15)
 Temple: D:4-7

Altars:
Qazlal

Shops:
D:2 (*?**


Innate Abilities, Weirdness & Mutations

You have a pair of small horns on your head.
You are partially covered in large bone plates. (SH +4)


Message History

You block the endoplasm's attack.
You hit the endoplasm.
You kill the endoplasm!
You feel sick.
You feel sick.
You are no longer poisoned.
HP restored.
You now have 18 gold pieces (gained 7).
Found a stone staircase leading down.
Found a scale mail.
There is a stone staircase leading down here.
Done exploring.
Done exploring.
There is a stone staircase leading down here.
You climb downwards.
The jelly quivers.
Found a scroll of blinking.
There is a stone staircase leading up here.
Found a ring mail.
You hit the jelly. The acid corrodes you!
Your hands burn!
The jelly is moderately wounded.
You hit the jelly. The acid corrodes you!
Your hands burn!
The jelly is heavily wounded.
A bullfrog comes into view.
The jelly hits you.
You are splashed with acid!
The bullfrog croaks.
You hit the jelly but do no damage.
Your hands burn!
The jelly is heavily wounded.
You hit the jelly.
Your hands burn!
The jelly is severely wounded.
The jelly barely misses you.
The bullfrog swells and bulges.
You hit the jelly. The acid corrodes you!
Your hands burn!
* * * LOW HITPOINT WARNING * * *
Your punch misses the jelly.
The jelly is almost dead.
The jelly hits you.
* * * LOW HITPOINT WARNING * * *
You are splashed with acid!
You die...

#### #..#
#.?# #..#
#.J# ###
#.@##..##
#.......+
#.......#
#.<.....#
#.F##..##
#..# ^.#
#... ...
#... ....
#.... ..[


You could see a bullfrog and a jelly.

Vanquished Creatures
  5 adders
  A dart slug (D:1)
  5 orcs
  3 ball pythons
  3 bats
  5 endoplasms
  2 giant cockroaches (D:1)
  5 goblins
  3 hobgoblins
  3 kobolds
  A quokka (D:1)
  4 rats
40 creatures vanquished.

Notes
Turn   | Place    | Note
-------+----------+-------------------------------------------
     0 | D:1      | monsoonserge the Demonspawn Warper began the quest for the
                  | Orb.
     0 | D:1      | Reached XP level 1. HP: 16/16 MP: 3/3
   157 | D:1      | Gained mutation: You are partially covered in large bone
                  | plates. (SH +4) [demonic ancestry]
   157 | D:1      | Reached XP level 2. HP: 19/22 MP: 5/5
   344 | D:1      | Reached skill level 3 in Translocations
   562 | D:2      | Found Ecvif's Magic Scroll Shoppe.
   565 | D:2      | Found Amu Zal's General Store.
   596 | D:2      | Found Jegh's Weapon Boutique.
   648 | D:2      | Gained mutation: You have a pair of small horns on your
                  | head. [demonic ancestry]
   648 | D:2      | Reached XP level 3. HP: 14/27 MP: 6/6
   758 | D:2      | Found Gawkuherch's Assorted Antiques.
   775 | D:2      | Reached skill level 1 in Short Blades
   775 | D:2      | Reached skill level 1 in Armour
   864 | D:2      | Found Vecruivi's General Store.
   877 | D:2      | Bought a potion of degeneration for 12 gold pieces
   967 | D:2      | Found a faded altar of an unknown god.
  1292 | D:2      | Bought a grey potion for 24 gold pieces
  1292 | D:2      | Bought a scroll labelled AFISAS EPAUGYT for 27 gold pieces
  1338 | D:3      | Found a stormy altar of Qazlal.
  1449 | D:3      | Reached XP level 4. HP: 33/33 MP: 7/7
  1529 | D:2      | Bought a scroll labelled MYTYAWILAUL for 27 gold pieces
  1814 | D:3      | Learned a level 2 spell: Blink
  2148 | D:4      | Noticed a bullfrog
  2151 | D:4      | Splashed by a jelly's acid

Illustrated notes

Levels and vault maps discovered:
D:1:      lemuel_arrival_river_bridge, layout_basic
D:2:      layout_basic, serial_shops, shop, nicolae_shop_crystal,
          nicolae_shop_tiny_statue_garden, shop, nicolae_diamond_shop,
          shapermc_ecumenical_altar_totnotflames, kennysheep_big_empty_room,
          hex_intersection
D:3:      layout_basic, mainiacjoe_overflow_alcove_4
D:4:      old_forge, layout_gridville, minmay_statues_item, uniq_menkaure,
          uniq_blork_the_orc

Skill      XL: |  1  2  3 |
---------------+----------+-----
Dodging        | 2 |  2.5
Long Blades    | 2 |  2.0
Translocations | 3 |  3.0
Short Blades   | 1 |  1.7
Armour         | 1 |  1.6
Fighting       | |  2.3
Throwing       | |  0.8
Stealth        | |  0.4
Spellcasting   | |  2.0

Action                     |  1- 3 |  4- 6 || total
---------------------------+-------+-------++-------
  Melee: Falchion          |    39 |       ||    39
         Short sword       |    78 |    39 ||   117
         Headbutt          |     2 |     6 ||     8
         Punch             |     1 |       ||     1
   Stab: Sleeping          |     1 |       ||     1
 Armour: Leather armour    |    27 |     5 ||    32
         Ring mail         |       |     1 ||     1
  Dodge: Dodged            |    65 |    18 ||    83
  Block: Other             |    14 |     4 ||    18
